 Dungeon Crawl Stone Soup version 0.15.0-12-gccce430 (webtiles) character file.

355 CrazyArbalest the Bolt Thrower (level 6, -2/45 HPs)
             Began as a Demonspawn Hunter on Sept 1, 2014.
             Killed by nerve-wracking pain
             ... invoked by Grinder
              (9 damage)
             ... on Level 5 of the Dungeon.
             The game lasted 00:30:04 (4266 turns).

CrazyArbalest the Bolt Thrower (Demonspawn Hunter)  Turns: 4266, Time: 00:30:05

HP  -2/45        AC 10     Str 13      XL: 6   Next: 36%
MP   6/6         EV  9     Int 12      God:
Gold 260         SH  0     Dex 15      Spells:  0 memorised,  5 levels left

rFire  . . .     SeeInvis .     a - +0 whip
rCold  . . .     Clarity  .     m - +0 ring mail
rNeg   . . .     rCorr    .     (no shield)
rPois  .         rRot     .     o - +2 hat
rElec  .         Spirit   .     G - +0 cloak
SustAb .         Warding  .     (no gloves)
rMut   .         Stasis   .     (no boots)
Gourm  .                        (no amulet)
MR     .....                    (no ring)
                                (no ring)

@: not resistant to hostile enchantments, very unstealthy
A: hooves 1, rugged brown scales 2, powered by death 1
a: no special abilities


You were on level 5 of the Dungeon.
You were not hungry.

You visited 1 branch of the dungeon, and saw 5 of its levels.

You collected 260 gold pieces.

Inventory:

Hand weapons
 a - a +0 whip (weapon)
 b - a +1 hand crossbow
 r - a +0 mace
 v - a +0 hammer
 B - a +0 flail
 D - a +0 flail
 E - a +0 mace
Armour
 d - a +0 leather armour
 m - a +0 ring mail (worn)
 o - a +2 hat (worn)
 G - a +0 cloak (worn)
Comestibles
 f - 4 bread rations
 h - 2 fruits
 n - 3 meat rations
 s - a slice of pizza
 u - a beef jerky
 C - 4 rotting chunks of orc flesh
 F - a rotting chunk of orc flesh
Scrolls
 e - 7 scrolls of identify {unknown}
 j - a scroll of remove curse {unknown}
 p - 3 scrolls of recharging {unknown}
 q - 2 scrolls of immolation {unknown}
 w - 2 scrolls of magic mapping {unknown}
 A - 2 scrolls of enchant armour {unknown}
Jewellery
 l - a cursed ring of teleportation {unknown}
 y - an uncursed ring of protection from cold {unknown}
 z - an uncursed amulet of stasis {unknown}
Potions
 g - a potion of resistance {unknown}
 i - a potion of heal wounds
 k - 2 potions of magic {unknown}
 H - a potion of flight {unknown}
 I - a potion of decay {unknown}
Books
 t - a book of Wizardry

   Spells                             Type                      Level
   Agony                              Necromancy                   5
   Force Lance                        Conjuration                  5
   Dispersal                          Translocation                6
   Haste                              Charms                       6
   Invisibility                       Hexes                        6
   Spellforged Servitor               Conjuration/Summoning        7


   Skills:
 + Level 1.2 Fighting
 * Level 2.0 Maces & Flails
 * Level 5.1 Crossbows
 + Level 2.2 Armour
 + Level 3.5 Dodging
 + Level 0.8 Stealth


You had 5 spell levels left.
You didn't know any spells.

Dungeon Overview and Level Annotations

Branches:
Dungeon (5/15)
 Temple: D:4-7

Altars:
Ashenzari

Annotations:
D:3 Pirate's ghost, average TeAE
D:5 Grinder


Innate Abilities, Weirdness & Mutations

You have large cloven feet.
You are mostly covered in rugged brown scales (AC +2, +5% HP).
You can steal the life force of nearby defeated enemies.


Message History

Grinder says, "Wait up."
Grinder hits you but does no damage.
You can move again.
Firing (i - inventory):
c - a bolt (quivered)
Press: ? - help, Shift-Dir - straight line, f/p - Grinder
Aim: Grinder (almost dead)
You shoot a bolt. The bolt hits Grinder.
Grinder is almost dead.
Grinder completely misses you.
Wield which item (- for none, * to show all)? (? for menu, Esc to quit)
a - a +0 whip (weapon)
Grinder hits you.
* * * LOW HITPOINT WARNING * * *
You writhe in agony.
* * * LOW HITPOINT WARNING * * *
You barely miss Grinder. Your kick misses Grinder.
Grinder is almost dead.
Grinder gestures at you. Pain shoots through your body!
You die...

. #. #. #. #. #. #.
#..##.#.##########.#.
((...((5@...<....(...
....>(.......########
####.######.# # #.#
#.# #.# #.# #.# #.#


You could see Grinder.

Vanquished Creatures
  Crazy Yiuf (D:4)
  2 orc priests (D:4)
  A hound (D:4)
  2 worker ants
  Ijyb (D:2)
  Jessica (D:2)
  7 adders
  2 worms
  An ooze (D:3)
  3 orcs
  7 bats
  5 giant cockroaches
  7 hobgoblins
  15 jackals
  14 kobolds
  A ball python (D:4)
  A ball python skeleton (D:4)
  2 giant geckos
  3 giant newts
  7 goblins
  An orc zombie (D:4)
  6 rats
90 creatures vanquished.

Vanquished Creatures (others)
  A quokka (D:3)
1 creature vanquished.

Grand Total: 91 creatures vanquished

Notes
Turn   | Place    | Note
--------------------------------------------------------------
     0 | D:1      | CrazyArbalest, the Demonspawn Hunter, began the quest for the Orb.
     0 | D:1      | Reached XP level 1. HP: 15/15 MP: 1/1
   140 | D:1      | Reached skill level 4 in Crossbows
   140 | D:1      | Gained mutation: You can steal the life force of nearby defeated enemies. [demonic ancestry]
   140 | D:1      | Reached XP level 2. HP: 21/21 MP: 2/2
   907 | D:1      | Reached XP level 3. HP: 13/26 MP: 3/3
  1194 | D:2      | Reached skill level 1 in Armour
  1265 | D:2      | Reached skill level 1 in Maces & Flails
  1338 | D:2      | Gained mutation: You are partially covered in rugged brown scales (AC +1, +3% HP). [demonic ancestry]
  1338 | D:2      | Reached XP level 4. HP: 13/32 MP: 4/4
  1464 | D:2      | Noticed Ijyb
  1471 | D:2      | Killed Ijyb
  1492 | D:2      | Noticed Jessica
  1498 | D:2      | Killed Jessica
  1976 | D:3      | Noticed Pirate's ghost (average TeAE)
  2153 | D:3      | Gained mutation: You have large cloven feet. [demonic ancestry]
  2153 | D:3      | Reached XP level 5. HP: 24/38 MP: 5/5
  3872 | D:4      | Reached skill level 5 in Crossbows
  3872 | D:4      | Gained mutation: You are mostly covered in rugged brown scales (AC +2, +5% HP). [demonic ancestry]
  3872 | D:4      | Reached XP level 6. HP: 32/45 MP: 6/6
  4004 | D:4      | Found a shattered altar of Ashenzari.
  4096 | D:4      | Noticed Crazy Yiuf
  4107 | D:4      | Killed Crazy Yiuf
  4232 | D:5      | Entered Level 5 of the Dungeon
  4234 | D:5      | Noticed Grinder
  4246 | D:5      | Paralysed by Grinder for 4 turns
  4261 | D:5      | Paralysed by Grinder for 3 turns
  4266 | D:5      | Killed from afar by Grinder

Action                   |  1- 3 |  4- 6 || total
-------------------------+-------+-------++-------
Melee: Whip              |    96 |   282 ||   378
       Short sword       |     7 |       ||     7
 Fire: Hand crossbow     |    41 |    67 ||   108
  Use: Potion            |       |     2 ||     2
  Eat: Chunk             |     1 |     9 ||    10
       Fruit             |       |     1 ||     1
